Demolitions vs Saguenéens
Created - 16 mars 2013 at 21:45
Goals
|
| Demolitions |
0 |
2 |
3 |
5 |
| Saguenéens |
0 |
2 |
1 |
3 |
|
Shots
|
| Demolitions |
14 |
14 |
14 |
42 |
| Saguenéens |
10 |
9 |
12 |
31 |
|
1st period
No Goal
Penalties :
Michal Grosek (Chi) for Roughing (Minor) at 5:55, Brandon Bochenski (Vic) for Delaying the game (Minor) at 12:53
2nd period
1. Demolitions , Ryan Craig 19 (Jeremy Williams, Andy Rogers) at 3:33 (PP)
2. Saguenéens , Brad Chartrand 12 (Andrew Kozek, Henrik Tallinder) at 16:50
3. Demolitions , Anthony Stewart 13 (Nicolas Blanchard, Troy Brouwer) at 17:07
4. Saguenéens , Michal Grosek 21 (Mike Van Ryn, Patrick McNeill) at 17:38
Penalties :
Mike Van Ryn (Chi) for Hooking (Minor) at 2:39, David McIntyre (Chi) for Hooking (Minor) at 4:39, Wayne Simmonds (Chi) for Elbowing (Minor) at 9:56, Anton Babchuk (Vic) for High sticking (Minor) at 14:48, Petr Vrana (Vic) for Hooking (Minor) at 19:41
3rd period
5. Demolitions , Janne Niskala 8 (Marco Sturm, Jeremy Williams) at 4:04
6. Saguenéens , David McIntyre 4 (Derek Joslin) at 8:28
7. Demolitions , Janne Niskala 9 (Marco Sturm, Jeremy Williams) at 8:49 (PP)
8. Demolitions , Marc-André Bernier 3 (Andy Rogers, Vince Rocco) at 15:04
Penalties :
Dwight King (Chi) for Interference (Minor) at 8:35, Anton Babchuk (Vic) for Cross-checking (Minor) at 12:40
Goalie Stats
Antero Niittymaki (Vic), 28 saves from 31 shots - (0,903), W, 18-14-2, 60:00 minutes
Thomas Greiss (Chi), 37 saves from 42 shots - (0,881), L, 17-11-3, 60:00 minutes
Players Stats for Demolitions
Player Name G A P +/- PIM S H SB GA TA FO MP PP MP PK MP
------------------------------------------------------------------------------------
Andy Rogers 0 2 2 1 0 0 1 2 0 1 0/0 20:36 3:38 3:39
Anssi Salmela 0 0 0 1 0 0 3 0 0 0 0/0 10:59 0:21 1:45
Anthony Stewart 1 0 1 1 0 10 2 1 0 0 1/2 17:55 2:16 2:18
Anton Babchuk 0 0 0 -1 4 1 1 1 0 1 0/0 18:25 3:38 1:41
Brandon Bochenski 0 0 0 0 2 2 4 0 1 0 2/2 11:48 0:50 0:00
Dennis Seidenberg 0 0 0 -1 0 3 2 1 0 2 0/0 26:38 3:27 4:17
James Sheppard 0 0 0 0 0 0 0 0 0 0 3/6 10:10 0:17 0:00
Janne Niskala 2 0 2 -1 0 4 2 1 2 0 0/0 26:38 3:27 4:17
Jeremy Williams 0 3 3 -1 0 2 1 0 1 0 4/7 21:33 3:59 4:06
Josh Beaulieu 0 0 0 0 0 0 0 0 0 0 0/0 1:48 0:17 1:31
Kyle Wharton 0 0 0 0 0 0 0 0 0 0 0/0 4:31 0:00 0:13
Marc-André Bernier 1 0 1 0 0 3 0 0 0 0 0/0 9:02 0:45 0:00
Marco Sturm 0 2 2 -1 0 2 1 0 0 0 2/3 21:46 4:11 4:07
Masi Marjamaki 0 0 0 0 0 3 2 1 0 0 0/0 7:49 0:00 0:00
Nicolas Blanchard 0 1 1 1 0 2 2 0 0 0 5/11 14:17 2:04 0:16
Petr Vrana 0 0 0 0 2 2 0 1 0 0 1/1 12:11 0:00 1:16
Robert Bortuzzo 0 0 0 0 0 0 0 0 0 0 0/0 4:18 0:00 0:00
Robert Klinkhammer 0 0 0 0 0 0 0 0 0 0 0/0 0:00 0:00 0:00
Ryan Craig 1 0 1 0 0 2 1 0 1 1 11/25 21:06 3:59 2:18
Taylor Chorney 0 0 0 0 0 0 0 0 0 0 0/0 8:28 0:00 0:00
Troy Brouwer 0 1 1 1 0 5 2 0 1 1 0/0 14:13 2:16 0:00
Vince Rocco 0 1 1 0 0 1 0 1 0 0 3/6 7:49 0:00 0:00
Players Stats for Saguenéens
Player Name G A P +/- PIM S H SB GA TA FO MP PP MP PK MP
------------------------------------------------------------------------------------
Andreas Engqvist 0 0 0 -2 0 1 0 0 1 0 4/8 11:31 0:00 0:27
Andrew Kozek 0 1 1 1 0 0 2 0 0 0 0/0 7:19 0:05 0:49
Brad Chartrand 1 0 1 -1 0 3 3 0 0 0 1/2 11:57 0:05 0:00
Brandon Yip 0 0 0 1 0 3 1 0 0 0 2/3 20:57 3:44 2:36
David McIntyre 1 0 1 0 2 1 0 0 0 0 1/3 6:38 0:00 0:00
Dean McAmmond 0 0 0 0 0 4 1 1 1 0 10/21 19:56 4:07 3:53
Denis Bodrov 0 0 0 -3 0 0 0 0 0 0 0/0 14:52 0:00 3:19
Derek Joslin 0 1 1 1 0 1 0 0 0 2 0/0 20:03 0:22 3:46
Dwight King 0 0 0 0 2 0 2 0 0 0 0/0 16:30 4:07 0:17
Henrik Tallinder 0 1 1 2 0 2 1 0 0 0 0/0 26:52 4:09 3:46
Ian Cole 0 0 0 -3 0 1 1 1 0 0 0/0 16:36 3:47 1:03
Johannes Salmonsson 0 0 0 -1 0 1 1 1 0 1 1/1 13:02 0:09 1:08
Kyle Brodziak 0 0 0 1 0 1 4 0 0 1 11/23 21:17 3:40 2:30
Michal Grosek 1 0 1 1 2 3 2 0 1 0 0/1 21:07 3:44 2:30
Mike Van Ryn 0 1 1 1 2 5 1 2 1 1 0/0 20:03 3:33 1:41
Pat Dwyer 0 0 0 0 0 0 0 0 0 1 0/0 6:22 0:00 0:00
Patrick McNeill 0 1 1 2 0 3 1 0 1 0 0/0 21:33 4:01 0:35
Wayne Simmonds 0 0 0 0 2 2 3 1 1 0 1/1 16:15 4:07 0:00
3 Stars
1 - Janne Niskala (Vic)
2 - Anthony Stewart (Vic)
3 - Andy Rogers (Vic)
Power Play
Demolitions - 2 on 5 Attempt(s) - 40,00%
Saguenéens - 0 on 4 Attempt(s) - 0,00%
Penalty Kill
Demolitions - 4 on 4 Attempt(s) - 100,00%
- Score 0 goal in Penalty Kill
Saguenéens - 3 on 5 Attempt(s) - 60,00%
- Score 0 goal in Penalty Kill
Official
Referees : Furlatt Eric and Hasenfratz Mike
Linesman : Scott Cherrey and Shane Heyer
Game Notes
No Game Note
Demolitions
5 vs 5 Forward
Center Left Wing Right Wing Time % Phy DF OF
1 Ryan Craig Marco Sturm Jeremy Williams 40 1 2 2
2 Nicolas Blanchard Troy Brouwer Anthony Stewart 30 1 2 2
3 James Sheppard Petr Vrana Brandon Bochenski 20 1 2 2
4 Vince Rocco Masi Marjamaki Marc-André Bernier 10 1 2 2
5 vs 5 Defense
Defense Defense Time % Phy DF OF
1 Janne Niskala Dennis Seidenberg 40 1 2 2
2 Andy Rogers Anton Babchuk 30 1 2 2
3 Taylor Chorney Anssi Salmela 20 1 2 2
4 Kyle Wharton Robert Bortuzzo 10 1 2 2
PowerPlay Forward
Center Left Wing Right Wing Time % Phy DF OF
1 Ryan Craig Marco Sturm Jeremy Williams 60 1 2 2
2 Nicolas Blanchard Troy Brouwer Anthony Stewart 40 1 2 2
PowerPlay Defense
Defense Defense Time % Phy DF OF
1 Janne Niskala Dennis Seidenberg 60 1 2 2
2 Andy Rogers Anton Babchuk 40 1 2 2
Penalty Kill 4 Players Forward
Center Wing Time % Phy DF OF
1 Jeremy Williams Marco Sturm 60 1 2 2
2 Anthony Stewart Ryan Craig 40 1 2 2
Penalty Kill 4 Players Defense
Defense Defense Time % Phy DF OF
1 Janne Niskala Dennis Seidenberg 60 1 2 2
2 Andy Rogers Anton Babchuk 40 1 2 2
Penalty Kill - 3 Players Forward
Forward Time % Phy DF OF
1 Jeremy Williams 60 1 2 2
2 Marco Sturm 40 1 2 2
Penalty Kill - 3 Players Defense
Defense Defense Time % Phy DF OF
1 Janne Niskala Dennis Seidenberg 60 1 2 2
2 Andy Rogers Anton Babchuk 40 1 2 2
4 vs 4 Forward
Center Wing Time % Phy DF OF
1 Jeremy Williams Marco Sturm 60 1 2 2
2 Anthony Stewart Ryan Craig 40 1 2 2
4 vs 4 Defense
Defense Defense Time % Phy DF OF
1 Janne Niskala Dennis Seidenberg 60 1 2 2
2 Andy Rogers Anton Babchuk 40 1 2 2
Last Minutes Offensive
Center Left Wing Right Wing Defense Defense
Ryan Craig Marco Sturm Jeremy Williams Janne Niskala Dennis Seidenberg
Last Minutes Defensive
Center Left Wing Right Wing Defense Defense
Ryan Craig Marco Sturm Jeremy Williams Janne Niskala Dennis Seidenberg
Goaltenders
Starting : Antero Niittymaki
Backup : Sergei Bobrovsky
Extra Forwards
Normal : Brandon Bochenski, Marc-André Bernier, Petr Vrana - PP : Brandon Bochenski, Marc-André Bernier - PK : Petr Vrana
Extra Defensemen
Normal : Taylor Chorney, Anssi Salmela, Kyle Wharton - PP : Taylor Chorney - PK : Anssi Salmela, Kyle Wharton
Penalty Shots
Jeremy Williams, Marco Sturm, Anthony Stewart, Ryan Craig, Brandon Bochenski
Saguenéens
5 vs 5 Forward
Center Left Wing Right Wing Time % Phy DF OF
1 Kyle Brodziak Michal Grosek Brandon Yip 40 1 2 2
2 Dean McAmmond Dwight King Wayne Simmonds 30 1 2 2
3 Andreas Engqvist Johannes Salmonsson Brad Chartrand 20 1 2 2
4 David McIntyre Andrew Kozek Pat Dwyer 10 1 2 2
5 vs 5 Defense
Defense Defense Time % Phy DF OF
1 Mike Van Ryn Patrick McNeill 35 1 2 2
2 Henrik Tallinder Derek Joslin 35 1 2 2
3 Ian Cole Denis Bodrov 20 1 2 2
4 Henrik Tallinder Patrick McNeill 10 0 2 3
PowerPlay Forward
Center Left Wing Right Wing Time % Phy DF OF
1 Kyle Brodziak Michal Grosek Brandon Yip 50 0 1 4
2 Dean McAmmond Dwight King Wayne Simmonds 50 0 1 4
PowerPlay Defense
Defense Defense Time % Phy DF OF
1 Mike Van Ryn Ian Cole 50 0 2 3
2 Henrik Tallinder Patrick McNeill 50 0 2 3
Penalty Kill 4 Players Forward
Center Wing Time % Phy DF OF
1 Kyle Brodziak Michal Grosek 50 1 3 1
2 Dean McAmmond Brandon Yip 50 1 3 1
Penalty Kill 4 Players Defense
Defense Defense Time % Phy DF OF
1 Mike Van Ryn Denis Bodrov 50 1 3 1
2 Henrik Tallinder Derek Joslin 50 1 3 1
Penalty Kill - 3 Players Forward
Forward Time % Phy DF OF
1 Dean McAmmond 50 1 3 1
2 Michal Grosek 50 1 3 1
Penalty Kill - 3 Players Defense
Defense Defense Time % Phy DF OF
1 Mike Van Ryn Denis Bodrov 50 1 3 1
2 Henrik Tallinder Derek Joslin 50 1 3 1
4 vs 4 Forward
Center Wing Time % Phy DF OF
1 Kyle Brodziak Brandon Yip 50 1 1 3
2 Dean McAmmond Wayne Simmonds 50 1 1 3
4 vs 4 Defense
Defense Defense Time % Phy DF OF
1 Mike Van Ryn Ian Cole 50 1 2 2
2 Henrik Tallinder Derek Joslin 50 1 2 2
Last Minutes Offensive
Center Left Wing Right Wing Defense Defense
Kyle Brodziak Michal Grosek Brandon Yip Henrik Tallinder Patrick McNeill
Last Minutes Defensive
Center Left Wing Right Wing Defense Defense
Kyle Brodziak Michal Grosek Brandon Yip Henrik Tallinder Derek Joslin
Goaltenders
Starting : Thomas Greiss
Backup : James Reimer
Extra Forwards
Normal : Brad Chartrand, Johannes Salmonsson, Kyle Brodziak - PP : Johannes Salmonsson, Andrew Kozek - PK : Johannes Salmonsson
Extra Defensemen
Normal : Patrick McNeill, Denis Bodrov, Henrik Tallinder - PP : Derek Joslin - PK : Patrick McNeill, Ian Cole
Penalty Shots
Dean McAmmond, Michal Grosek, Brad Chartrand, Kyle Brodziak, Brandon Yip
% Time on Ice - Demolitions
Lines # - Real PCT - Wanted PCT - Time Play
Normal Forward
1 - 31% - 40% - 13:56
2 - 30% - 30% - 13:21
3 - 22% - 20% - 9:53
4 - 17% - 10% - 7:49
Normal Defense
1 - 42% - 40% - 18:54
2 - 30% - 30% - 13:19
3 - 19% - 20% - 8:28
4 - 10% - 10% - 4:18
PP Forward
1 - 68% - 60% - 4:49
2 - 32% - 40% - 2:16
PP Defense
1 - 49% - 60% - 3:27
2 - 51% - 40% - 3:38
PK Forward
1 - 71% - 60% - 5:38
2 - 29% - 40% - 2:18
PK Defense
1 - 54% - 60% - 4:17
2 - 46% - 40% - 3:39
PK3 Forward
1 - 0% - 60%
2 - 0% - 40%
PK3 Defense
1 - 0% - 60%
2 - 0% - 40%
44 Forward
1 - 0% - 60%
2 - 0% - 40%
44 Defense
1 - 0% - 60%
2 - 0% - 40%
Last Minute Offensive - 0:00
Last Minute Defensive - 0:00
Total
Forward - 60:00
Defense - 60:00
|
% Time on Ice - Saguenéens
Lines # - Real PCT - Wanted PCT - Time Play
Normal Forward
1 - 33% - 40% - 14:57
2 - 28% - 30% - 12:36
3 - 25% - 20% - 11:04
4 - 14% - 10% - 6:22
Normal Defense
1 - 34% - 35% - 15:23
2 - 35% - 35% - 15:37
3 - 25% - 20% - 11:03
4 - 7% - 10% - 2:56
PP Forward
1 - 48% - 50% - 3:49
2 - 52% - 50% - 4:07
PP Defense
1 - 48% - 50% - 3:47
2 - 52% - 50% - 4:09
PK Forward
1 - 49% - 50% - 3:30
2 - 51% - 50% - 3:35
PK Defense
1 - 47% - 50% - 3:19
2 - 53% - 50% - 3:46
PK3 Forward
1 - 0% - 50%
2 - 0% - 50%
PK3 Defense
1 - 0% - 50%
2 - 0% - 50%
44 Forward
1 - 0% - 50%
2 - 0% - 50%
44 Defense
1 - 0% - 50%
2 - 0% - 50%
Last Minute Offensive - 0:00
Last Minute Defensive - 0:00
Total
Forward - 60:00
Defense - 60:00
|
Play by Play
1st period
0:01 of 1st period - Kyle Brodziak wins face-off versus Ryan Craig in neutral zone.
0:03 of 1st period - Off-side.
0:04 of 1st period - Kyle Brodziak wins face-off versus Ryan Craig in neutral zone.
0:53 of 1st period - Snap shot by Henrik Tallinder.
0:53 of 1st period - Stopped by Antero Niittymaki with a rebound.
0:55 of 1st period - Slapshot by Derek Joslin.
0:55 of 1st period - Stopped by Antero Niittymaki without a rebound.
0:56 of 1st period - James Sheppard wins face-off versus David McIntyre in Demolitions zone.
0:56 of 1st period - James Sheppard is hit by Andrew Kozek.
1:06 of 1st period - Snap shot by Petr Vrana.
1:06 of 1st period - Stopped by Thomas Greiss without a rebound.
1:07 of 1st period - Andreas Engqvist wins face-off versus Vince Rocco in Saguenéens zone.
1:38 of 1st period - Wrist shot by Michal Grosek.
1:38 of 1st period - Stopped by Antero Niittymaki without a rebound.
1:39 of 1st period - Ryan Craig wins face-off versus Brandon Yip in Demolitions zone.
1:39 of 1st period - Ryan Craig is hit by Ian Cole.
1:49 of 1st period - Snap shot by Marco Sturm.
1:49 of 1st period - Stopped by Thomas Greiss without a rebound.
1:50 of 1st period - Dean McAmmond wins face-off versus Anthony Stewart in Saguenéens zone.
3:03 of 1st period - Snap shot by Wayne Simmonds.
3:03 of 1st period - Stopped by Antero Niittymaki with a rebound.
3:05 of 1st period - Snap shot by Dean McAmmond.
3:05 of 1st period - Shot Blocked by Petr Vrana.
3:17 of 1st period - Snap shot by Brad Chartrand.
3:17 of 1st period - Shot Misses the Net.
3:19 of 1st period - Wrist shot by Johannes Salmonsson.
3:19 of 1st period - Shot Misses the Net.
3:32 of 1st period - Off-side.
3:33 of 1st period - Marco Sturm wins face-off versus Kyle Brodziak in neutral zone.
3:44 of 1st period - Snap shot by Marco Sturm.
3:44 of 1st period - Stopped by Thomas Greiss without a rebound.
3:45 of 1st period - Dean McAmmond wins face-off versus Ryan Craig in Saguenéens zone.
3:56 of 1st period - Janne Niskala is hit by Wayne Simmonds and loses puck.
4:22 of 1st period - Wrist shot by Michal Grosek.
4:22 of 1st period - Shot Blocked by Dennis Seidenberg.
4:30 of 1st period - Michal Grosek is hit by Nicolas Blanchard and loses puck.
5:03 of 1st period - Snap shot by Anthony Stewart.
5:03 of 1st period - Stopped by Thomas Greiss with a rebound.
5:05 of 1st period - Snap shot by Dennis Seidenberg.
5:05 of 1st period - Deflect By Troy Brouwer.
5:05 of 1st period - Stopped by Thomas Greiss with a rebound.
5:39 of 1st period - Snap shot by Anthony Stewart.
5:39 of 1st period - Stopped by Thomas Greiss with a rebound.
5:43 of 1st period - Snap shot by Anthony Stewart.
5:43 of 1st period - Stopped by Thomas Greiss with a rebound.
5:55 of 1st period - Minor Penalty to Michal Grosek for Roughing.
5:56 of 1st period - Dean McAmmond wins face-off versus Ryan Craig in Saguenéens zone.
6:26 of 1st period - Off-side.
6:27 of 1st period - Ryan Craig wins face-off versus Dean McAmmond in neutral zone.
6:42 of 1st period - Ryan Craig is hit by Johannes Salmonsson and loses puck.
7:32 of 1st period - Andreas Engqvist is hit by Brandon Bochenski and loses puck.
7:55 of 1st period - Penalty to Michal Grosek is over, Michal Grosek is back on ice.
8:01 of 1st period - Andrew Kozek is hit by Anssi Salmela and loses puck.
8:20 of 1st period - Snap shot by Wayne Simmonds.
8:20 of 1st period - Deflect By Brad Chartrand.
8:20 of 1st period - Stopped by Antero Niittymaki with a rebound.
8:22 of 1st period - Slapshot by Henrik Tallinder.
8:22 of 1st period - Stopped by Antero Niittymaki with a rebound.
8:32 of 1st period - Michal Grosek is hit by Masi Marjamaki and loses puck.
11:08 of 1st period - Marc-André Bernier is hit by Brad Chartrand and loses puck.
11:54 of 1st period - Wrist shot by Petr Vrana.
11:54 of 1st period - Shot Misses the Net.
11:56 of 1st period - Backhand shot by Anton Babchuk.
11:56 of 1st period - Stopped by Thomas Greiss with a rebound.
12:16 of 1st period - Icing by Brad Chartrand.
12:17 of 1st period - Andreas Engqvist wins face-off versus Ryan Craig in Saguenéens zone.
12:17 of 1st period - Andreas Engqvist is hit by Ryan Craig.
12:41 of 1st period - Mike Van Ryn is hit by Brandon Bochenski and loses puck.
12:50 of 1st period - Snap shot by Brandon Yip.
12:50 of 1st period - Stopped by Antero Niittymaki with a rebound.
12:53 of 1st period - Minor Penalty to Brandon Bochenski for Delaying the game.
12:54 of 1st period - Jeremy Williams wins face-off versus Kyle Brodziak in Demolitions zone.
13:20 of 1st period - Slapshot by Wayne Simmonds.
13:20 of 1st period - Shot Misses the Net.
13:36 of 1st period - Dennis Seidenberg is hit by Kyle Brodziak and loses puck.
14:03 of 1st period - Wayne Simmonds is hit by Andy Rogers and loses puck.
14:53 of 1st period - Penalty to Brandon Bochenski is over, Brandon Bochenski is back on ice.
15:00 of 1st period - Dennis Seidenberg is hit by Michal Grosek and loses puck.
15:11 of 1st period - Anthony Stewart is hit by Andrew Kozek and loses puck.
15:36 of 1st period - Taylor Chorney is hit by Brad Chartrand and loses puck.
16:44 of 1st period - Icing by Wayne Simmonds.
16:45 of 1st period - Nicolas Blanchard wins face-off versus Dean McAmmond in Saguenéens zone.
17:26 of 1st period - Icing by Dennis Seidenberg.
17:27 of 1st period - Kyle Brodziak wins face-off versus Vince Rocco in Demolitions zone.
17:32 of 1st period - Slapshot by Mike Van Ryn.
17:32 of 1st period - Deflect By Brandon Yip.
17:32 of 1st period - Stopped by Antero Niittymaki without a rebound.
17:33 of 1st period - Ryan Craig wins face-off versus Kyle Brodziak in Demolitions zone.
17:33 of 1st period - Ryan Craig is hit by Patrick McNeill.
17:47 of 1st period - Slapshot by Kyle Brodziak.
17:47 of 1st period - Shot Misses the Net.
17:49 of 1st period - Wrist shot by Kyle Brodziak.
17:49 of 1st period - Stopped by Antero Niittymaki with a rebound.
17:59 of 1st period - Dean McAmmond is hit by Dennis Seidenberg and loses puck.
18:20 of 1st period - Wrist shot by Brad Chartrand.
18:20 of 1st period - Stopped by Antero Niittymaki without a rebound.
18:21 of 1st period - Nicolas Blanchard wins face-off versus Andreas Engqvist in Demolitions zone.
18:51 of 1st period - Slapshot by Dennis Seidenberg.
18:51 of 1st period - Shot Blocked by Johannes Salmonsson.
18:53 of 1st period - Slapshot by Dennis Seidenberg.
18:53 of 1st period - Deflect By Johannes Salmonsson.
18:53 of 1st period - Stopped by Thomas Greiss with a rebound.
19:19 of 1st period - Wrist shot by Anthony Stewart.
19:19 of 1st period - Stopped by Thomas Greiss with a rebound.
19:21 of 1st period - Snap shot by Anthony Stewart.
19:21 of 1st period - Shot Misses the Net.
19:23 of 1st period - Slapshot by Dennis Seidenberg.
19:23 of 1st period - Shot Blocked by Ian Cole.
19:25 of 1st period - Wrist shot by Anthony Stewart.
19:25 of 1st period - Stopped by Thomas Greiss with a rebound.
19:27 of 1st period - Slapshot by Nicolas Blanchard.
19:27 of 1st period - Stopped by Thomas Greiss with a rebound.
19:29 of 1st period - Wrist shot by Anthony Stewart.
19:29 of 1st period - Stopped by Thomas Greiss with a rebound.
19:31 of 1st period - Wrist shot by Nicolas Blanchard.
19:31 of 1st period - Deflect By Andreas Engqvist.
19:31 of 1st period - Stopped by Thomas Greiss without a rebound.
19:32 of 1st period - Dean McAmmond wins face-off versus Ryan Craig in Saguenéens zone.
2nd period
0:01 of 2nd period - Ryan Craig wins face-off versus Kyle Brodziak in neutral zone.
0:32 of 2nd period - Snap shot by Dean McAmmond.
0:32 of 2nd period - Stopped by Antero Niittymaki without a rebound.
0:33 of 2nd period - Brandon Bochenski wins face-off versus Dean McAmmond in Demolitions zone.
0:40 of 2nd period - Slapshot by Dennis Seidenberg.
0:40 of 2nd period - Deflect By Wayne Simmonds.
0:40 of 2nd period - Stopped by Thomas Greiss without a rebound.
0:41 of 2nd period - Dean McAmmond wins face-off versus Ryan Craig in Saguenéens zone.
1:30 of 2nd period - Snap shot by Marc-André Bernier.
1:30 of 2nd period - Stopped by Thomas Greiss without a rebound.
1:31 of 2nd period - Vince Rocco wins face-off versus Kyle Brodziak in Saguenéens zone.
1:36 of 2nd period - Wrist shot by Marc-André Bernier.
1:36 of 2nd period - Shot Misses the Net.
2:07 of 2nd period - Wrist shot by Jeremy Williams.
2:07 of 2nd period - Shot Misses the Net.
2:39 of 2nd period - Minor Penalty to Mike Van Ryn for Hooking.
2:40 of 2nd period - Ryan Craig wins face-off versus Dean McAmmond in Saguenéens zone.
3:33 of 2nd period - Wrist shot by Ryan Craig.
3:33 of 2nd period - Goal by Ryan Craig - Demolitions : 1 - Saguenéens : 0.
3:34 of 2nd period - Petr Vrana wins face-off versus Kyle Brodziak in neutral zone.
3:37 of 2nd period - Brandon Yip is hit by Brandon Bochenski and loses puck.
3:50 of 2nd period - Snap shot by Brandon Bochenski.
3:50 of 2nd period - Stopped by Thomas Greiss with a rebound.
4:05 of 2nd period - Wrist shot by Anthony Stewart.
4:05 of 2nd period - Shot Blocked by Wayne Simmonds.
4:39 of 2nd period - Minor Penalty to David McIntyre for Hooking.
4:40 of 2nd period - Kyle Brodziak wins face-off versus Ryan Craig in Saguenéens zone.
5:07 of 2nd period - Wrist shot by Troy Brouwer.
5:07 of 2nd period - Stopped by Thomas Greiss without a rebound.
5:08 of 2nd period - Dean McAmmond wins face-off versus Nicolas Blanchard in Saguenéens zone.
5:43 of 2nd period - Snap shot by Jeremy Williams.
5:43 of 2nd period - Shot Misses the Net.
6:39 of 2nd period - Penalty to David McIntyre is over, David McIntyre is back on ice.
6:55 of 2nd period - Snap shot by Masi Marjamaki.
6:55 of 2nd period - Deflect By Marc-André Bernier.
6:55 of 2nd period - Shot Blocked by Mike Van Ryn.
6:55 of 2nd period - Puck is out of play.
6:56 of 2nd period - Vince Rocco wins face-off versus Andreas Engqvist in Saguenéens zone.
6:59 of 2nd period - Wrist shot by Masi Marjamaki.
6:59 of 2nd period - Stopped by Thomas Greiss without a rebound.
7:00 of 2nd period - Johannes Salmonsson wins face-off versus Nicolas Blanchard in Saguenéens zone.
7:00 of 2nd period - Johannes Salmonsson is hit by Dennis Seidenberg.
7:10 of 2nd period - Wrist shot by Brad Chartrand.
7:10 of 2nd period - Shot Misses the Net.
7:33 of 2nd period - Wrist shot by Dean McAmmond.
7:33 of 2nd period - Shot Misses the Net.
7:57 of 2nd period - Wrist shot by Brandon Bochenski.
7:57 of 2nd period - Stopped by Thomas Greiss with a rebound.
8:13 of 2nd period - Snap shot by Marc-André Bernier.
8:13 of 2nd period - Stopped by Thomas Greiss without a rebound.
8:14 of 2nd period - Kyle Brodziak wins face-off versus Vince Rocco in Saguenéens zone.
8:14 of 2nd period - Kyle Brodziak is hit by Anssi Salmela.
8:24 of 2nd period - Taylor Chorney is hit by Brandon Yip.
8:30 of 2nd period - Snap shot by Masi Marjamaki.
8:30 of 2nd period - Stopped by Thomas Greiss without a rebound.
8:31 of 2nd period - Wayne Simmonds wins face-off versus Ryan Craig in Saguenéens zone.
8:31 of 2nd period - Wayne Simmonds is hit by Janne Niskala.
9:20 of 2nd period - Brad Chartrand is hit by Anton Babchuk and loses puck.
9:25 of 2nd period - Backhand shot by Ryan Craig.
9:25 of 2nd period - Deflect By Jeremy Williams.
9:25 of 2nd period - Shot Misses the Net.
9:25 of 2nd period - Puck is out of play.
9:26 of 2nd period - Kyle Brodziak wins face-off versus Nicolas Blanchard in Saguenéens zone.
9:56 of 2nd period - Minor Penalty to Wayne Simmonds for Elbowing.
9:57 of 2nd period - Nicolas Blanchard wins face-off versus Dean McAmmond in Saguenéens zone.
10:04 of 2nd period - Snap shot by Anthony Stewart.
10:04 of 2nd period - Stopped by Thomas Greiss without a rebound.
10:05 of 2nd period - Nicolas Blanchard wins face-off versus Dean McAmmond in Saguenéens zone.
11:56 of 2nd period - Penalty to Wayne Simmonds is over, Wayne Simmonds is back on ice.
12:22 of 2nd period - Mike Van Ryn is hit by Masi Marjamaki and loses puck.
13:12 of 2nd period - Wrist shot by Andrew Kozek.
13:12 of 2nd period - Deflect By Brandon Yip.
13:12 of 2nd period - Stopped by Antero Niittymaki without a rebound.
13:13 of 2nd period - Kyle Brodziak wins face-off versus Nicolas Blanchard in Demolitions zone.
13:20 of 2nd period - Kyle Brodziak is hit by Anthony Stewart.
13:38 of 2nd period - Vince Rocco is hit by Henrik Tallinder and loses puck.
14:17 of 2nd period - Off-side.
14:18 of 2nd period - David McIntyre wins face-off versus James Sheppard in neutral zone.
14:44 of 2nd period - Jeremy Williams is hit by Kyle Brodziak and loses puck.
14:48 of 2nd period - Minor Penalty to Anton Babchuk for High sticking.
14:49 of 2nd period - Jeremy Williams wins face-off versus Dean McAmmond in Demolitions zone.
15:02 of 2nd period - Janne Niskala is hit by Dean McAmmond and loses puck.
16:48 of 2nd period - Penalty to Anton Babchuk is over, Anton Babchuk is back on ice.
16:50 of 2nd period - Snap shot by Brad Chartrand.
16:50 of 2nd period - Goal by Brad Chartrand - Demolitions : 1 - Saguenéens : 1.
16:51 of 2nd period - Nicolas Blanchard wins face-off versus Andreas Engqvist in neutral zone.
16:54 of 2nd period - Snap shot by Troy Brouwer.
16:54 of 2nd period - Deflect By Anthony Stewart.
16:54 of 2nd period - Stopped by Thomas Greiss without a rebound.
16:55 of 2nd period - Andreas Engqvist wins face-off versus Nicolas Blanchard in Saguenéens zone.
16:55 of 2nd period - Andreas Engqvist is hit by Anthony Stewart.
17:01 of 2nd period - Wrist shot by Troy Brouwer.
17:01 of 2nd period - Stopped by Thomas Greiss with a rebound.
17:03 of 2nd period - Wrist shot by Anthony Stewart.
17:03 of 2nd period - Stopped by Thomas Greiss with a rebound.
17:05 of 2nd period - Wrist shot by Nicolas Blanchard.
17:05 of 2nd period - Shot Misses the Net.
17:07 of 2nd period - Wrist shot by Anthony Stewart.
17:07 of 2nd period - Goal by Anthony Stewart - Demolitions : 2 - Saguenéens : 1.
17:08 of 2nd period - Brandon Yip wins face-off versus Jeremy Williams in neutral zone.
17:17 of 2nd period - Slapshot by Michal Grosek.
17:17 of 2nd period - Stopped by Antero Niittymaki without a rebound.
17:18 of 2nd period - Ryan Craig wins face-off versus Kyle Brodziak in Demolitions zone.
17:18 of 2nd period - Ryan Craig is hit by Michal Grosek.
17:26 of 2nd period - Slapshot by Brandon Yip.
17:26 of 2nd period - Shot Misses the Net.
17:28 of 2nd period - Snap shot by Michal Grosek.
17:28 of 2nd period - Shot Misses the Net.
17:30 of 2nd period - Slapshot by Patrick McNeill.
17:30 of 2nd period - Stopped by Antero Niittymaki with a rebound.
17:32 of 2nd period - Snap shot by Mike Van Ryn.
17:32 of 2nd period - Deflect By Janne Niskala.
17:32 of 2nd period - Stopped by Antero Niittymaki with a rebound.
17:34 of 2nd period - Slapshot by Patrick McNeill.
17:34 of 2nd period - Stopped by Antero Niittymaki with a rebound.
17:36 of 2nd period - Slapshot by Mike Van Ryn.
17:36 of 2nd period - Shot Misses the Net.
17:38 of 2nd period - Slapshot by Mike Van Ryn.
17:38 of 2nd period - Deflect By Michal Grosek.
17:38 of 2nd period - Goal by Michal Grosek - Demolitions : 2 - Saguenéens : 2.
17:39 of 2nd period - Ryan Craig wins face-off versus Kyle Brodziak in neutral zone.
18:04 of 2nd period - Janne Niskala is hit by Wayne Simmonds and loses puck.
18:13 of 2nd period - Henrik Tallinder is hit by Troy Brouwer and loses puck.
18:50 of 2nd period - Snap shot by Ryan Craig.
18:50 of 2nd period - Shot Misses the Net.
18:52 of 2nd period - Wrist shot by Ryan Craig.
18:52 of 2nd period - Deflect By Marco Sturm.
18:52 of 2nd period - Shot Blocked by Mike Van Ryn.
18:52 of 2nd period - Puck is out of play.
18:53 of 2nd period - Ryan Craig wins face-off versus Kyle Brodziak in Saguenéens zone.
19:40 of 2nd period - Off-side.
19:41 of 2nd period - Andreas Engqvist wins face-off versus James Sheppard in neutral zone.
19:41 of 2nd period - Minor Penalty to Petr Vrana for Hooking.
19:42 of 2nd period - Dean McAmmond wins face-off versus Jeremy Williams in Demolitions zone.
19:43 of 2nd period - Slapshot by Mike Van Ryn.
19:43 of 2nd period - Stopped by Antero Niittymaki without a rebound.
19:44 of 2nd period - Jeremy Williams wins face-off versus Dean McAmmond in Demolitions zone.
19:55 of 2nd period - Ian Cole is hit by Jeremy Williams and loses puck.
3rd period
0:01 of 3rd period - Brandon Yip wins face-off versus Jeremy Williams in neutral zone.
0:26 of 3rd period - Dennis Seidenberg is hit by Dwight King.
0:36 of 3rd period - Snap shot by Wayne Simmonds.
0:36 of 3rd period - Shot Blocked by Anthony Stewart.
1:27 of 3rd period - Icing by Ian Cole.
1:28 of 3rd period - Anthony Stewart wins face-off versus Dean McAmmond in Saguenéens zone.
1:41 of 3rd period - Penalty to Petr Vrana is over, Petr Vrana is back on ice.
1:55 of 3rd period - Wrist shot by Mike Van Ryn.
1:55 of 3rd period - Deflect By Anthony Stewart.
1:55 of 3rd period - Stopped by Antero Niittymaki with a rebound.
1:57 of 3rd period - Slapshot by Mike Van Ryn.
1:57 of 3rd period - Stopped by Antero Niittymaki with a rebound.
1:59 of 3rd period - Wrist shot by Dean McAmmond.
1:59 of 3rd period - Stopped by Antero Niittymaki with a rebound.
2:01 of 3rd period - Snap shot by Dean McAmmond.
2:01 of 3rd period - Shot Misses the Net.
2:03 of 3rd period - Wrist shot by Ian Cole.
2:03 of 3rd period - Shot Misses the Net.
2:05 of 3rd period - Slapshot by Mike Van Ryn.
2:05 of 3rd period - Shot Blocked by Anton Babchuk.
2:07 of 3rd period - Wrist shot by Wayne Simmonds.
2:07 of 3rd period - Stopped by Antero Niittymaki with a rebound.
2:09 of 3rd period - Wrist shot by Wayne Simmonds.
2:09 of 3rd period - Shot Blocked by Andy Rogers.
2:11 of 3rd period - Slapshot by Ian Cole.
2:11 of 3rd period - Stopped by Antero Niittymaki with a rebound.
2:13 of 3rd period - Wrist shot by Mike Van Ryn.
2:13 of 3rd period - Stopped by Antero Niittymaki with a rebound.
2:15 of 3rd period - Slapshot by Dwight King.
2:15 of 3rd period - Deflect By Dean McAmmond.
2:15 of 3rd period - Stopped by Antero Niittymaki without a rebound.
2:16 of 3rd period - Vince Rocco wins face-off versus Kyle Brodziak in Demolitions zone.
2:31 of 3rd period - Wrist shot by Kyle Brodziak.
2:31 of 3rd period - Shot Blocked by Vince Rocco.
2:41 of 3rd period - Petr Vrana is hit by Brad Chartrand and loses puck.
3:08 of 3rd period - Nicolas Blanchard is hit by Kyle Brodziak and loses puck.
3:46 of 3rd period - Snap shot by Johannes Salmonsson.
3:46 of 3rd period - Shot Blocked by Masi Marjamaki.
3:48 of 3rd period - Slapshot by Andreas Engqvist.
3:48 of 3rd period - Shot Misses the Net.
3:50 of 3rd period - Backhand shot by Patrick McNeill.
3:50 of 3rd period - Stopped by Antero Niittymaki without a rebound.
3:51 of 3rd period - Ryan Craig wins face-off versus David McIntyre in Demolitions zone.
3:56 of 3rd period - Wrist shot by Jeremy Williams.
3:56 of 3rd period - Shot Misses the Net.
3:58 of 3rd period - Wrist shot by Janne Niskala.
3:58 of 3rd period - Stopped by Thomas Greiss with a rebound.
4:00 of 3rd period - Wrist shot by Jeremy Williams.
4:00 of 3rd period - Shot Misses the Net.
4:02 of 3rd period - Snap shot by Marco Sturm.
4:02 of 3rd period - Shot Misses the Net.
4:04 of 3rd period - Slapshot by Janne Niskala.
4:04 of 3rd period - Goal by Janne Niskala - Demolitions : 3 - Saguenéens : 2.
4:05 of 3rd period - Kyle Brodziak wins face-off versus Ryan Craig in neutral zone.
4:30 of 3rd period - Mike Van Ryn is hit by Troy Brouwer and loses puck.
5:40 of 3rd period - Derek Joslin is hit by Marco Sturm and loses puck.
5:53 of 3rd period - Wrist shot by Jeremy Williams.
5:53 of 3rd period - Stopped by Thomas Greiss with a rebound.
5:55 of 3rd period - Backhand shot by Dennis Seidenberg.
5:55 of 3rd period - Shot Blocked by Dean McAmmond.
5:57 of 3rd period - Slapshot by Janne Niskala.
5:57 of 3rd period - Stopped by Thomas Greiss with a rebound.
5:59 of 3rd period - Slapshot by Dennis Seidenberg.
5:59 of 3rd period - Stopped by Thomas Greiss without a rebound.
6:00 of 3rd period - Dean McAmmond wins face-off versus Nicolas Blanchard in Saguenéens zone.
6:15 of 3rd period - Snap shot by Troy Brouwer.
6:15 of 3rd period - Stopped by Thomas Greiss without a rebound.
6:16 of 3rd period - Marco Sturm wins face-off versus Kyle Brodziak in Saguenéens zone.
6:17 of 3rd period - Slapshot by Jeremy Williams.
6:17 of 3rd period - Stopped by Thomas Greiss without a rebound.
6:18 of 3rd period - Kyle Brodziak wins face-off versus Ryan Craig in Saguenéens zone.
6:53 of 3rd period - Wrist shot by Troy Brouwer.
6:53 of 3rd period - Stopped by Thomas Greiss without a rebound.
6:54 of 3rd period - James Sheppard wins face-off versus Michal Grosek in Saguenéens zone.
7:07 of 3rd period - Wrist shot by Brandon Bochenski.
7:07 of 3rd period - Shot Misses the Net.
8:28 of 3rd period - Snap shot by David McIntyre.
8:28 of 3rd period - Goal by David McIntyre - Demolitions : 3 - Saguenéens : 3.
8:29 of 3rd period - Ryan Craig wins face-off versus Dean McAmmond in neutral zone.
8:31 of 3rd period - Anton Babchuk is hit by Dwight King and loses puck.
8:35 of 3rd period - Minor Penalty to Dwight King for Interference.
8:36 of 3rd period - Dean McAmmond wins face-off versus Ryan Craig in Saguenéens zone.
8:36 of 3rd period - Dean McAmmond is hit by Janne Niskala.
8:49 of 3rd period - Slapshot by Janne Niskala.
8:49 of 3rd period - Deflect By Derek Joslin.
8:49 of 3rd period - Goal by Janne Niskala - Demolitions : 4 - Saguenéens : 3.
8:50 of 3rd period - Ryan Craig wins face-off versus Kyle Brodziak in neutral zone.
9:15 of 3rd period - Derek Joslin is hit by Nicolas Blanchard and loses puck.
12:05 of 3rd period - Icing by Jeremy Williams.
12:06 of 3rd period - Jeremy Williams wins face-off versus Dean McAmmond in Demolitions zone.
12:11 of 3rd period - Snap shot by Ryan Craig.
12:11 of 3rd period - Stopped by Thomas Greiss with a rebound.
12:19 of 3rd period - Marco Sturm is hit by Mike Van Ryn.
12:31 of 3rd period - Snap shot by Kyle Brodziak.
12:31 of 3rd period - Shot Blocked by Andy Rogers.
12:40 of 3rd period - Minor Penalty to Anton Babchuk for Cross-checking.
12:41 of 3rd period - Kyle Brodziak wins face-off versus Marco Sturm in Demolitions zone.
14:38 of 3rd period - Dean McAmmond is hit by Anssi Salmela and loses puck.
14:40 of 3rd period - Penalty to Anton Babchuk is over, Anton Babchuk is back on ice.
14:45 of 3rd period - Anton Babchuk is hit by Wayne Simmonds and loses puck.
15:00 of 3rd period - Wrist shot by Masi Marjamaki.
15:00 of 3rd period - Stopped by Thomas Greiss with a rebound.
15:02 of 3rd period - Wrist shot by Vince Rocco.
15:02 of 3rd period - Stopped by Thomas Greiss with a rebound.
15:04 of 3rd period - Snap shot by Andy Rogers.
15:04 of 3rd period - Deflect By Marc-André Bernier.
15:04 of 3rd period - Goal by Marc-André Bernier - Demolitions : 5 - Saguenéens : 3.
15:05 of 3rd period - Brad Chartrand wins face-off versus James Sheppard in neutral zone.
15:08 of 3rd period - Wrist shot by Andreas Engqvist.
15:08 of 3rd period - Shot Misses the Net.
15:10 of 3rd period - Wrist shot by Johannes Salmonsson.
15:10 of 3rd period - Stopped by Antero Niittymaki with a rebound.
15:12 of 3rd period - Slapshot by Andreas Engqvist.
15:12 of 3rd period - Stopped by Antero Niittymaki without a rebound.
15:13 of 3rd period - James Sheppard wins face-off versus Andreas Engqvist in Demolitions zone.
15:20 of 3rd period - Snap shot by Brad Chartrand.
15:20 of 3rd period - Shot Blocked by Janne Niskala.
15:46 of 3rd period - Wrist shot by Petr Vrana.
15:46 of 3rd period - Stopped by Thomas Greiss without a rebound.
15:47 of 3rd period - Kyle Brodziak wins face-off versus Ryan Craig in Saguenéens zone.
15:52 of 3rd period - Jeremy Williams is hit by Kyle Brodziak and loses puck.
17:48 of 3rd period - Dean McAmmond is hit by Brandon Bochenski and loses puck.
18:40 of 3rd period - Snap shot by Dean McAmmond.
18:40 of 3rd period - Deflect By Jeremy Williams.
18:40 of 3rd period - Stopped by Antero Niittymaki without a rebound.
18:41 of 3rd period - Dean McAmmond wins face-off versus Ryan Craig in Demolitions zone.
19:38 of 3rd period - Off-side.
19:39 of 3rd period - Brandon Bochenski wins face-off versus Brad Chartrand in neutral zone.
Output by the SimonT Hockey Simulator (STHS) for François Prévost -- Original Page W3C XHTML 1.0 Valid